 Dungeon Crawl Stone Soup version 0.28-a0-861-ge64d6db94f (webtiles) character file.

Game seed: 12425242196411750

7658 Pooter the Cleaver (level 10, 0/89 (91) HPs)
             Began as a Minotaur Berserker on Nov 16, 2021.
             Was an Elder of Trog.
             Slain by a wight (2 damage)
             ... on level 10 of the Dungeon.
             The game lasted 00:53:40 (11985 turns).

Pooter the Cleaver (Minotaur Berserker)            Turns: 11985, Time: 00:53:40

HP:   0/89 (91)     AC: 11    Str: 24    XL:     10   Next: 99%
MP:   0/9           EV:  7    Int:  5    God:    Trog [****..]
Gold: 405           SH:  0    Dex: 16    Spells: 9/9 levels left

rFire   + . .      SeeInvis .   a - +3 war axe
rCold   . . .      Faith    .   (no shield)
rNeg    . . .      Spirit   +   v - +0 plate armour
rPois   +          Reflect  .   (helmet restricted)
rElec   .          Harm     .   (no cloak)
rCorr   .          Rampage  .   (no gloves)
Will    .....                   (no boots)
Stlth   ..........              G - amulet of guardian spirit
HPRegen 0.24/turn               p - +6 ring of dexterity
MPRegen 0.11/turn               F - ring "Giedyediu" {rPois rF+ Stlth+}

@: on berserk cooldown, hasted and slowed, lightly drained
A: horns 2, retaliatory headbutt
a: Renounce Religion, Berserk, Trog's Hand, Brothers in Arms


You were on level 10 of the Dungeon.
You worshipped Trog.
Trog was greatly pleased with you.
You visited 2 branches of the dungeon, and saw 11 of its levels.

You collected 405 gold pieces.

Inventory:

Hand Weapons
 a - a +3 war axe (weapon)
   (You took it off a wight on level 8 of the Dungeon)
 b - a +0 hand crossbow of venom
   (You took it off a kobold brigand on level 6 of the Dungeon)
 k - a +0 trident
   (You took it off an orc on level 7 of the Dungeon)
 q - a +0 hunting sling
   (You took it off a goblin on level 2 of the Dungeon)
 A - a +2 morningstar of protection
   (You took it off a wight on level 8 of the Dungeon)
Missiles
 e - 7 boomerangs
 f - 77 poisoned darts (quivered)
 h - 343 stones
 n - 8 javelins
 C - 2 curare-tipped darts
 Q - 99 bolts
Armour
 v - a +0 plate armour (worn)
   (You found it on level 7 of the Dungeon)
 y - a scarf of shadows
   (You found it on level 10 of the Dungeon)
Jewellery
 p - a +6 ring of dexterity (left hand)
   (You took it off a gnoll on level 6 of the Dungeon)
 r - an amulet of regeneration
   (You found it on level 6 of the Dungeon)
 F - the ring "Giedyediu" (right hand) {rPois rF+ Stlth+}
   (You found it on level 7 of the Dungeon)

   [ring of poison resistance]

   rF:        It protects you from fire.
   rPois:     It protects you from poison.
   Stlth:     It makes you more stealthy.
 G - an amulet of guardian spirit (around neck)
   (You found it on level 9 of the Dungeon)
 H - the ring "Uphoish" {+Blink rF- Int+5 Dex+6}
   (You found it on level 9 of the Dungeon)

   [ring of dexterity]

   Int:       It affects your intelligence (+5).
   Dex:       It affects your dexterity (+6).
   rF:        It makes you vulnerable to fire.
   +Blink:    It lets you blink.
 S - a ring of see invisible
   (You found it on level 9 of the Dungeon)
Wands
 d - a wand of iceblast (3)
   (You found it on level 8 of the Dungeon)
 o - a wand of charming (5)
   (You found it on level 5 of the Dungeon)
 u - a wand of paralysis (2)
   (You found it on level 9 of the Dungeon)
 x - a wand of acid (5)
   (You found it on level 2 of the Dungeon)
 z - a wand of polymorph (2)
   (You took it off Dowan on level 7 of the Dungeon)
 D - a wand of digging (12)
   (You found it on level 4 of the Dungeon)
Scrolls
 i - a scroll of blinking {unknown}
 j - a scroll of immolation {!r}
 s - 2 scrolls of noise {!r}
 t - 8 scrolls of teleportation {@r4}
 I - a scroll of enchant weapon {unknown}
Potions
 c - 2 potions of lignification {!q}
 g - a potion of flight {unknown}
 l - 5 potions of curing {@q1}
 m - a potion of haste {@q3}
 w - a potion of heal wounds {unknown}
 B - a potion of mutation {unknown}
 E - 2 potions of magic {unknown}


   Skills:
 + Level 9.1 Fighting
 * Level 12.3 Axes
 * Level 8.0 Crossbows
 + Level 6.5 Throwing
 - Level 2.4 Armour
 - Level 2.1 Dodging
 + Level 5.9 Evocations


You had 9 spell levels left.
You didn't know any spells.
Your spell library was empty.

Dungeon Overview and Level Annotations

Branches:
Dungeon (10/15)            Temple (0/1) D:7            Lair (0/6) D:9
    Orc (1/2) D:9

Altars:
Dithmenos
Fedhas
Hepliaklqana
Qazlal
Trog
Zin

Shops:
D:9 (   Orc:1 =


Innate Abilities, Weirdness & Mutations

You have a pair of horns on your head.
You reflexively headbutt those who attack you in melee.


Message History

Aim: a centaur warrior, wielding a +0 longbow and quivering arrows (chance to affect: 46%)
The centaur warrior resists with some effort.
Aim: a centaur warrior, wielding a +0 longbow and quivering arrows (chance to affect: 46%)
The centaur warrior resists with some effort.
Aim: a centaur warrior, wielding a +0 longbow and quivering arrows (chance to affect: 46%)
The centaur warrior resists with some effort.
A red film seems to cover your vision as you go berserk!
You feel yourself moving faster!
You feel mighty!
Your skin stops crawling.
You feel less strong-willed.
The centaur warrior shoots an arrow.
The arrow hits you!!
* * * LOW MAGIC WARNING * * *
* * * LOW HITPOINT WARNING * * *
You feel a strong urge to attack something.
The centaur warrior unwields a +0 longbow.
The centaur warrior hits you.
* * * LOW HITPOINT WARNING * * *
The centaur warrior kicks you but does no damage.
You closely miss the centaur warrior. You headbutt the centaur warrior!
The centaur warrior hits you.
* * * LOW HITPOINT WARNING * * *
The centaur warrior closely misses you.
You slash the centaur warrior! You headbutt the centaur warrior!!
You barely miss the centaur warrior. You headbutt the centaur warrior!
You kill the centaur warrior!
Trog accepts your kill.
Your life force feels restored.
Your Crossbows skill increases to level 8!
Things that are here:
a +0 robe; a +0 dagger You feel a strong urge to attack something.
The wight hits you from afar with a +7 spear.
* * * LOW HITPOINT WARNING * * *
You feel drained.
* * * LOW MAGIC WARNING * * *
* * * LOW HITPOINT WARNING * * *
Things that are here:
a +0 robe; a +2 vorpal dire flail You are no longer berserk.
You are exhausted.
You feel yourself slow down.
There is a stone staircase leading up, spattered with blood here.
The wight hits you but does no damage. The wight hits you with a +2 halberd!
* * * LOW MAGIC WARNING * * *
* * * LOW HITPOINT WARNING * * *
Your extra speed is starting to run out.
The wight hits you from afar with a +2 halberd.
* * * LOW MAGIC WARNING * * *
* * * LOW HITPOINT WARNING * * *
You feel drained.
You die...

..... ### ......
...# ...... ..##
......
...#######.....
#....)....#
#.....[...#
######..[).[...#
.........)[[[@.#
######..)[.z.[.#
#.....z...# ##.
#....zY...# ### ..YY
#....z....# ... ...
# ###.........###.##
#.#
.>##....z########...
##.# .)........##
#.###..# ..
...........#
##.(.#..# ?.


You could see a yak and 5 wights.

Vanquished Creatures
  A hydra (D:9)
  A centaur warrior (D:10)
  2 kobold demonologists
  3 trolls
  A hornet (D:9)
  A wyvern (D:9)
  2 steam dragons
  A warg (D:9)
  A water moccasin (D:5)
  Duvessa (D:7)
  4 orc warriors (D:9)
  3 sky beasts (D:7)
  A necrophage (D:8)
  6 ogres
  2 centaurs
  4 bullfrogs
  8 kobold brigands
  4 scorpions
  A gnoll sergeant (D:9)
  A water moccasin zombie (D:6)
  3 killer bees (D:9)
  2 howler monkeys (D:10)
  16 wights
  3 centaur zombies
  5 orc priests
  A centaur skeleton (D:6)
  3 hounds
  A jelly (D:8)
  A bullfrog skeleton (D:4)
  7 orc wizards
  2 hound skeletons (D:4)
  A howler monkey skeleton (D:4)
  10 gnolls
  8 adders
  2 shadow imps
  A white imp (D:7)
  3 ufetubi
  An adder skeleton (D:4)
  2 worms (D:2)
  2 dart slugs (D:1)
  30 orcs
  9 endoplasms
  3 giant cockroaches
  9 goblins
  3 hobgoblins
  7 jackals
  21 kobolds
  2 quokkas (D:4)
  10 ball pythons
  6 bats
  2 frilled lizards (D:1)
  6 rats
  A butterfly (D:7)
231 creatures vanquished.

Vanquished Creatures (collateral kills)
  Dowan (D:7)
1 creature vanquished.

Grand Total: 232 creatures vanquished

Notes
Turn   | Place    | Note
-------+----------+-------------------------------------------
     0 | D:1      | Pooter the Minotaur Berserker began the quest for the Orb.
     0 | D:1      | Reached XP level 1. HP: 19/19 MP: 0/0
   115 | D:1      | Reached skill level 4 in Axes
   143 | D:1      | Reached XP level 2. HP: 19/27 MP: 1/1
   554 | D:1      | Reached XP level 3. HP: 25/33 MP: 2/2
   776 | D:1      | Reached ** piety under Trog
   947 | D:2      | Reached skill level 5 in Axes
  1622 | D:2      | Reached skill level 1 in Throwing
  1622 | D:2      | Reached XP level 4. HP: 41/41 MP: 3/3
  2141 | D:2      | Noticed a scorpion
  2147 | D:2      | Killed a scorpion
  2148 | D:2      | Reached XP level 5. HP: 47/47 MP: 4/4
  2427 | D:3      | Reached skill level 6 in Axes
  2427 | D:3      | Reached skill level 1 in Evocations
  2513 | D:3      | Found a faded altar of an unknown god.
  2528 | D:3      | Reached skill level 5 in Fighting
  2528 | D:3      | Reached XP level 6. HP: 53/56 MP: 5/5
  2818 | D:3      | Found a faded altar of an unknown god.
  4125 | D:4      | Reached skill level 7 in Axes
  4295 | D:4      | Reached XP level 7. HP: 59/61 MP: 6/6
  4695 | D:4      | Found a blossoming altar of Fedhas.
  4923 | D:5      | Entered Level 5 of the Dungeon
  5803 | D:6      | Noticed a steam dragon
  5810 | D:6      | Killed a steam dragon
  5811 | D:6      | Reached skill level 8 in Axes
  6062 | D:6      | Reached XP level 8. HP: 67/70 MP: 7/7
  7018 | D:6      | Reached skill level 1 in Crossbows
  7121 | D:6      | Noticed a troll
  7129 | D:6      | Killed a troll
  7130 | D:6      | Reached skill level 9 in Axes
  7330 | D:7      | Reached *** piety under Trog
  7336 | D:7      | Found a staircase to the Ecumenical Temple.
  7607 | D:7      | Reached XP level 9. HP: 74/79 MP: 8/8
  7699 | D:7      | Noticed Duvessa
  7700 | D:7      | Noticed Dowan
  7709 | D:7      | Killed Dowan
  7716 | D:7      | Killed Duvessa
  8402 | D:7      | Identified the ring "Giedyediu" {rPois rF+ Stlth+}
  8575 | D:8      | Reached skill level 10 in Axes
  8675 | D:8      | Reached skill level 5 in Throwing
  8983 | D:8      | Noticed a kobold demonologist
  8985 | D:8      | Noticed a rust devil
  8992 | D:8      | Noticed a rust devil
  9034 | D:8      | Killed a kobold demonologist
  9035 | D:8      | Reached skill level 5 in Crossbows
 10157 | D:9      | Identified the ring "Uphoish" {+Blink rF- Int+5 Dex+6}
 10177 | D:9      | Found a staircase to the Lair.
 10322 | D:9      | Found Qacyggil's Antique Weapon Shoppe.
 10363 | D:9      | Noticed a four-headed hydra
 10371 | D:9      | Killed a four-headed hydra
 10372 | D:9      | Reached skill level 11 in Axes
 10372 | D:9      | Reached skill level 5 in Evocations
 10372 | D:9      | Reached XP level 10. HP: 89/89 MP: 5/9
 10729 | D:9      | Found a glowing silver altar of Zin.
 10729 | D:9      | Found a shadowy altar of Dithmenos.
 10731 | D:9      | Found a bloodstained altar of Trog.
 10744 | D:9      | Found a hazy altar of Hepliaklqana.
 10747 | D:9      | Found a stormy altar of Qazlal.
 11029 | D:9      | Found a staircase to the Orcish Mines.
 11031 | D:9      | Reached **** piety under Trog
 11156 | Orc:1    | Entered Level 1 of the Orcish Mines
 11156 | Orc:1    | Noticed an orc high priest
 11156 | Orc:1    | Found Bozyamp's Jewellery Shop.
 11215 | Orc:1    | Noticed an orc sorcerer
 11558 | D:10     | Entered Level 10 of the Dungeon
 11753 | D:10     | Reached skill level 12 in Axes
 11970 | D:10     | Noticed a centaur warrior
 11980 | D:10     | Killed a centaur warrior
 11984 | D:10     | HP: 4/90 [wight (10)]
 11985 | D:10     | Slain by a wight

Illustrated notes

Levels and vault maps discovered:
D:1:      dpeg_arrival_yet_another_circle, layout_rooms
D:2:      layout_loops_ring, kennysheep_small_spiral
D:3:      layout_loops_corners, nicolae_overflow_ecumenical_swirl,
          ebering_ecumenical_altar_box
D:4:      layout_loops_corners, marbit_many_paths
D:5:      layout_layer_cave
D:6:      layout_gridville
D:7:      layout_rooms, minmay_temple_entry_butterflies, uniq_duvessa
D:8:      layout_basic, grunt_decor_junction
D:9:      layout_roguey, minmay_overflow_temple_star_hex, lair_entry_dummy,
          kennysheep_orc_monster_closet_entryway, serial_shops, shop
D:10:     layout_rooms, serial_shops, nicolae_square_shop, nrook_uturn,
          hangedman_tell_no_tales
Orc:1:    layout_caves, serial_shops, nicolae_shop_competitors_out_of_business

Skill      XL: |  1  2  3  4  5  6  7  8  9 10 |
---------------+-------------------------------+-----
Axes           | 4 5 6 7 8 9 11 12 | 12.3
Fighting       | 4 5 6 7 8 9 |  9.1
Throwing       | 1 2 3 4 5 6 |  6.5
Evocations     | 1 2 3 4 5 |  5.9
Crossbows      | 3 6 8 |  8.0
Armour         | |  2.4
Dodging        | |  2.1

Action                   |  1- 3 |  4- 6 |  7- 9 | 10-12 || total
-------------------------+-------+-------+-------+-------++-------
Melee: Hand axe          |    71 |   117 |   150 |       ||   338
       Headbutt          |     9 |    22 |    36 |     8 ||    75
       War axe           |       |       |    21 |    34 ||    55
       Morningstar       |       |       |     3 |       ||     3
 Fire: Hunting sling     |     9 |     1 |    10 |       ||    20
       Hand crossbow     |       |       |   146 |     8 ||   154
Throw: Stone             |     3 |       |       |       ||     3
       Dart              |       |    11 |    19 |       ||    30
Invok: Berserk           |     3 |     3 |    16 |     4 ||    26
       Trog's Hand       |       |       |     3 |     2 ||     5
Evoke: Wand              |       |     1 |     9 |     4 ||    14
  Use: Scroll            |     2 |       |     9 |     2 ||    13
       Potion            |       |       |       |     1 ||     1
Armor: Animal skin       |    12 |       |       |       ||    12
       Ring mail         |       |    31 |    42 |       ||    73
       Plate armour      |       |       |    56 |    25 ||    81
Dodge: Dodged            |    52 |    63 |   102 |    22 ||   239

Table legend: (Time is in decaauts)
 A = Elapsed time spent in this place.
 B = Non-inter-level travel time spent in this place.
 C = Inter-level travel time spent in this place.
 D = Time resting spent in this place.
 E = Time spent auto-exploring this place.
 F = Levels seen in this place.
 G = Mean time per level.
                   A        B        C        D        E       F      G
               +--------+--------+--------+--------+--------+-----+--------+
         Total |  12200 |  11952 |    248 |   4120 |   6003 |  11 | 1109.1 |
       Dungeon |  12196 |  11948 |    248 |   4120 |   6003 |  10 | 1219.6 |
  Orcish Mines |      4 |      4 |      0 |      0 |      0 |   1 |    4.0 |
               +--------+--------+--------+--------+--------+-----+--------+

Top non-repeatable levels by time:
     D:9: 1883 daAuts
     D:2: 1550 daAuts
     D:4: 1476 daAuts
     D:6: 1453 daAuts
     D:8: 1361 daAuts
     D:7: 1297 daAuts
     D:3: 1157 daAuts
     D:5: 972 daAuts
     D:1: 820 daAuts
    D:10: 222 daAuts
   Orc:1: 4 daAuts
